Capitals vs Jets

Created - 20 février 2017 at 19:14

Goals
1 2 3 T
Capitals 1 1 0 2
Jets 0 0 4 4
Shots
1 2 3 T
Capitals 9 16 7 32
Jets 12 9 19 40

1st period

1. Capitals , Marek Zidlicky 3 (Paul Martin, Tyler Seguin) at 14:46

Penalties :
Eric Gelinas (Win) for Hooking (Minor) at 9:35, Michal Rozsival (Win) for Hooking (Minor) at 14:54

2nd period

2. Capitals , Jarome Iginla 23 (Paul Martin, Tyler Seguin) at 0:12

Penalties :
No Penalty

3rd period

3. Jets , Michal Rozsival 3 (Derek Stepan, Jacob Markstrom) at 5:12
4. Jets , Blake Wheeler 12 (Benoit Pouliot, Derek Roy) at 6:00
5. Jets , Benoit Pouliot 25 (Blake Wheeler, Derek Roy) at 10:16
6. Jets , Derek Stepan 5 (Jussi Jokinen, Marco Scandella) at 11:41 (PP)

Penalties :
Zdeno Chara (Was) for Tripping (Minor) at 1:21, Anton Volchenkov (Win) for Roughing (Minor) at 1:41, Jarome Iginla (Was) for Hooking (Minor) at 10:19, Ondrej Palat (Was) for Roughing (Minor) at 12:44, Mark Giordano (Was) for Holding Stick (Minor) at 17:41

Goalie Stats

Ilya Bryzgalov (Was), 36 saves from 40 shots - (0,900), L, 7-8-2, 60:00 minutes
Jacob Markstrom (Win), 30 saves from 32 shots - (0,938), W, 5-3-3, 60:00 minutes

Players Stats for Capitals

Player Name              G  A  P  +/- PIM S  H  SB GA TA FO     MP     PP MP  PK MP  
------------------------------------------------------------------------------------
Daniel Briere            0  0  0  -2  0   2  0  0  0  0  17/25  19:09   0:09   3:33 
Erik Cole                0  0  0  -1  0   0  0  1  0  0  1/2    10:54   0:00   1:21 
James Neal               0  0  0  -2  0   4  3  0  0  1  1/2    17:47   1:52   0:54 
Jamie Langenbrunner      0  0  0   0  0   1  2  1  0  0  0/0     8:48   0:29   0:00 
Jarome Iginla            1  0  1   2  2   5  1  0  1  2  0/1    23:32   2:17   2:36 
Jay Harrison             0  0  0  -1  0   0  0  1  0  2  0/0    11:57   0:11   0:00 
Joffrey Lupul            0  0  0   0  0   1  0  0  0  0  0/0     6:39   0:00   0:00 
Kris Russell             0  0  0  -1  0   0  1  1  0  2  0/0    11:33   0:00   0:39 
Marek Zidlicky           1  0  1   1  0   3  0  1  0  0  0/0    29:42   2:38   4:02 
Mark Giordano            0  0  0  -1  2   1  0  1  0  0  0/0    19:03   1:40   0:59 
Ondrej Palat             0  0  0   2  2   2  0  0  2  1  0/2    20:04   1:57   1:04 
Paul Martin              0  2  2   1  0   7  0  2  0  2  0/0    29:42   2:38   4:02 
Ryan Callahan            0  0  0  -1  0   0  2  1  0  1  0/1     9:54   0:09   0:00 
Saku Koivu               0  0  0   0  0   1  1  0  0  0  3/7     5:21   0:00   0:00 
Scottie Upshall          0  0  0  -2  0   4  2  1  1  0  0/1    16:23   1:52   0:00 
Sean Couturier           0  0  0  -1  0   0  1  0  0  0  3/6    11:15   1:52   0:12 
Tyler Seguin             0  2  2   2  0   1  0  1  0  0  17/30  21:13   1:57   1:40 
Zdeno Chara              0  0  0  -1  2   0  2  2  1  0  0/0    19:41   1:49   1:38 

Players Stats for Jets

Player Name              G  A  P  +/- PIM S  H  SB GA TA FO     MP     PP MP  PK MP  
------------------------------------------------------------------------------------
Anton Volchenkov         0  0  0   1  2   2  3  2  0  0  0/0    23:57   3:21   1:56 
Benoit Pouliot           1  1  2   0  0   6  2  0  0  0  0/3    21:50   3:24   0:53 
Blake Wheeler            1  1  2   0  0   5  5  1  1  0  0/1    22:39   2:16   2:14 
Derek Roy                0  2  2   0  0   3  1  0  0  2  20/36  23:06   3:24   2:04 
Derek Stepan             1  1  2   0  0   1  1  0  0  0  3/9    12:18   2:16   0:00 
Dmitri Kalinin           0  0  0   0  0   1  0  1  1  0  0/0    22:08   3:22   2:41 
Dustin Brown             0  0  0   0  0   5  3  1  2  1  1/1    19:21   3:24   1:39 
Eric Fehr                0  0  0   0  0   1  0  0  0  0  0/0    10:05   0:00   0:00 
Eric Gelinas             0  0  0   0  2   0  0  1  3  1  0/0    15:15   0:00   0:01 
Fredrik Sjostrom         0  0  0   1  0   1  0  0  0  0  0/0     6:33   0:00   0:00 
James Wright             0  0  0   1  0   0  1  0  1  0  1/1     6:09   0:00   0:00 
Jussi Jokinen            0  1  1   0  0   3  2  0  2  0  0/2    12:18   2:16   0:00 
Lee Stempniak            0  0  0   1  0   1  1  0  0  0  0/0     6:09   0:00   0:00 
Marco Scandella          0  1  1   0  0   2  1  0  0  0  0/0    19:59   2:18   0:42 
Michael Rupp             0  0  0   0  0   3  3  0  0  0  0/0    15:11   0:00   1:11 
Michal Rozsival          1  0  1   0  2   2  4  1  0  1  0/0    20:28   2:18   1:13 
Mikko Koivu              0  0  0   0  0   3  1  0  1  0  10/24  16:42   0:00   0:35 
Tyler Myers              0  0  0   1  0   1  3  3  0  0  0/0    19:52   0:00   2:03 

3 Stars

1 - Blake Wheeler (Win)
2 - Benoit Pouliot (Win)
3 - Derek Stepan (Win)

Power Play

Capitals - 0 on 3 Attempt(s) - 0,00%
Jets - 1 on 4 Attempt(s) - 25,00%

Penalty Kill

Capitals - 3 on 4 Attempt(s) - 75,00% - Score 0 goal in Penalty Kill
Jets - 3 on 3 Attempt(s) - 100,00% - Score 0 goal in Penalty Kill

Team Stat

Capitals - Hits : 15 - Faceoff Wins : 42 - Blocked Shots : 13 - Penalty Minutes : 8
Jets - Hits : 31 - Faceoff Wins : 35 - Blocked Shots : 10 - Penalty Minutes : 6

Official

Referees : L'Ecuyer Frederick and Walkom Stephen
Linesman : Derek Amell and Tim Nowak

Game Notes

Saku Koivu is injured at 12:32 of 2nd period (Bruised Left Shoulder)

Finance

Level 1 -- Attendance: 5899 (98,32%) -- Ticket Income 442 425 $
Level 2 -- Attendance: 4869 (97,38%) -- Ticket Income 243 450 $
Level 3 -- Attendance: 1728 (86,40%) -- Ticket Income 43 200 $
Level 4 -- Attendance: 3989 (99,73%) -- Ticket Income 71 802 $
Luxury Box -- Attendance: 973 (97,30%) -- Ticket Income 155 680 $
Game was played at the MTS Center.
Total Attendance: 17458 (96,99%)
Total Ticket Income: 956 557 $
Other Income: 143 484 $
Total Income: 1 100 041 $

Capitals

5 vs 5 Forward 
   Center                   Left Wing                Right Wing               Time % Phy DF OF 
 1 Tyler Seguin             Ondrej Palat             Jarome Iginla            40     1   2  2  
 2 Daniel Briere            Scottie Upshall          James Neal               30     1   2  2  
 3 Sean Couturier           Erik Cole                Ryan Callahan            20     1   2  2  
 4 Saku Koivu               Joffrey Lupul            Jamie Langenbrunner      10     1   2  2  

5 vs 5 Defense 
   Defense                  Defense                                           Time % Phy DF OF 
 1 Paul Martin              Marek Zidlicky                                    40     1   2  2  
 2 Zdeno Chara              Mark Giordano                                     30     1   2  2  
 3 Jay Harrison             Kris Russell                                      20     1   2  2  
 4 Paul Martin              Marek Zidlicky                                    10     1   2  2  

PowerPlay Forward 
   Center                   Left Wing                Right Wing               Time % Phy DF OF 
 1 Tyler Seguin             Ondrej Palat             Jarome Iginla            60     1   2  2  
 2 Sean Couturier           Scottie Upshall          James Neal               40     1   2  2  

PowerPlay Defense
   Defense                  Defense                                           Time % Phy DF OF 
 1 Paul Martin              Marek Zidlicky                                    60     1   2  2  
 2 Zdeno Chara              Mark Giordano                                     40     1   2  2  

Penalty Kill 4 Players Forward 
   Center                   Wing                     Time % Phy DF OF 
 1 Daniel Briere            Jarome Iginla            60     1   2  2  
 2 James Neal               Erik Cole                40     1   2  2  

Penalty Kill 4 Players Defense
   Defense                  Defense                  Time % Phy DF OF 
 1 Paul Martin              Marek Zidlicky           60     1   2  2  
 2 Zdeno Chara              Mark Giordano            40     1   2  2  

Penalty Kill - 3 Players Forward 
   Forward                                           Time % Phy DF OF 
 1 Daniel Briere                                     60     1   2  2  
 2 Jarome Iginla                                     40     1   2  2  

Penalty Kill - 3 Players Defense
   Defense                  Defense                  Time % Phy DF OF 
 1 Paul Martin              Marek Zidlicky           60     1   2  2  
 2 Zdeno Chara              Mark Giordano            40     1   2  2  

4 vs 4 Forward 
   Center                   Wing                     Time % Phy DF OF 
 1 Daniel Briere            Jarome Iginla            60     1   2  2  
 2 James Neal               Erik Cole                40     1   2  2  

4 vs 4 Defense
   Defense                  Defense                  Time % Phy DF OF 
 1 Paul Martin              Marek Zidlicky           60     1   2  2  
 2 Zdeno Chara              Mark Giordano            40     1   2  2  

Last Minutes Offensive
   Center                   Left Wing                Right Wing               Defense                  Defense                  
   Daniel Briere            Erik Cole                Jarome Iginla            Paul Martin              Marek Zidlicky           

Last Minutes Defensive
   Center                   Left Wing                Right Wing               Defense                  Defense                  
   Daniel Briere            Erik Cole                Jarome Iginla            Paul Martin              Marek Zidlicky           

Goaltenders
Starting : Ilya Bryzgalov           
Backup : Braden Holtby            

Extra Forwards
Normal : Jamie Langenbrunner, Ryan Callahan, Tyler Seguin - PP : Jamie Langenbrunner, Ryan Callahan - PK : Tyler Seguin
Extra Defensemen
Normal : Jay Harrison, Kris Russell, Zdeno Chara - PP : Jay Harrison - PK : Kris Russell, Zdeno Chara
Penalty Shots
Daniel Briere, Jarome Iginla, James Neal, Erik Cole, Jamie Langenbrunner

Jets

5 vs 5 Forward 
   Center                   Left Wing                Right Wing               Time % Phy DF OF 
 1 Derek Roy                Benoit Pouliot           Blake Wheeler            38     0   2  3  
 2 Mikko Koivu              Michael Rupp             Dustin Brown             30     0   2  3  
 3 Derek Stepan             Jussi Jokinen            Eric Fehr                22     0   2  3  
 4 James Wright             Fredrik Sjostrom         Lee Stempniak            10     0   2  3  

5 vs 5 Defense 
   Defense                  Defense                                           Time % Phy DF OF 
 1 Anton Volchenkov         Tyler Myers                                       35     1   2  2  
 2 Marco Scandella          Michal Rozsival                                   35     1   2  2  
 3 Dmitri Kalinin           Eric Gelinas                                      30     1   2  2  
 4 Eric Gelinas             Anton Volchenkov                                  0      1   2  2  

PowerPlay Forward 
   Center                   Left Wing                Right Wing               Time % Phy DF OF 
 1 Derek Roy                Benoit Pouliot           Dustin Brown             60     0   0  5  
 2 Derek Stepan             Jussi Jokinen            Blake Wheeler            40     0   0  5  

PowerPlay Defense
   Defense                  Defense                                           Time % Phy DF OF 
 1 Anton Volchenkov         Dmitri Kalinin                                    60     1   1  3  
 2 Marco Scandella          Michal Rozsival                                   40     1   1  3  

Penalty Kill 4 Players Forward 
   Center                   Wing                     Time % Phy DF OF 
 1 Derek Roy                Blake Wheeler            60     1   3  1  
 2 Dustin Brown             Michael Rupp             40     1   3  1  

Penalty Kill 4 Players Defense
   Defense                  Defense                  Time % Phy DF OF 
 1 Tyler Myers              Dmitri Kalinin           60     1   4  0  
 2 Anton Volchenkov         Michal Rozsival          40     1   4  0  

Penalty Kill - 3 Players Forward 
   Forward                                           Time % Phy DF OF 
 1 Blake Wheeler                                     60     0   4  1  
 2 Dustin Brown                                      40     1   3  1  

Penalty Kill - 3 Players Defense
   Defense                  Defense                  Time % Phy DF OF 
 1 Tyler Myers              Dmitri Kalinin           60     1   4  0  
 2 Marco Scandella          Anton Volchenkov         40     1   4  0  

4 vs 4 Forward 
   Center                   Wing                     Time % Phy DF OF 
 1 Derek Roy                Benoit Pouliot           60     1   2  2  
 2 Mikko Koivu              Dustin Brown             40     1   2  2  

4 vs 4 Defense
   Defense                  Defense                  Time % Phy DF OF 
 1 Anton Volchenkov         Michal Rozsival          60     1   2  2  
 2 Dmitri Kalinin           Marco Scandella          40     1   2  2  

Last Minutes Offensive
   Center                   Left Wing                Right Wing               Defense                  Defense                  
   Derek Roy                Benoit Pouliot           Dustin Brown             Dmitri Kalinin           Anton Volchenkov         

Last Minutes Defensive
   Center                   Left Wing                Right Wing               Defense                  Defense                  
   Derek Roy                Blake Wheeler            Dustin Brown             Dmitri Kalinin           Anton Volchenkov         

Goaltenders
Starting : Jacob Markstrom          
Backup : Kari Lehtonen            

Extra Forwards
Normal : Derek Roy, Dustin Brown, Benoit Pouliot - PP : Derek Roy, Dustin Brown - PK : Dustin Brown
Extra Defensemen
Normal : Anton Volchenkov, Marco Scandella, Dmitri Kalinin - PP : Anton Volchenkov - PK : Marco Scandella, Anton Volchenkov
Penalty Shots
Derek Roy, Dustin Brown, Benoit Pouliot, Blake Wheeler, Jussi Jokinen

% Time on Ice - Capitals

Lines # - Real PCT - Wanted PCT - Time Play
Normal Forward
1 - 38% - 40% - 18:19
2 - 30% - 30% - 14:31
3 - 18% - 20% - 8:54
4 - 14% - 10% - 6:39
Normal Defense
1 - 41% - 40% - 19:37
2 - 31% - 30% - 15:14
3 - 23% - 20% - 10:54
4 - 5% - 10% - 2:38
PP Forward
1 - 57% - 60% - 2:26
2 - 43% - 40% - 1:52
PP Defense
1 - 61% - 60% - 2:38
2 - 39% - 40% - 1:40
PK Forward
1 - 84% - 60% - 4:46
2 - 16% - 40% - 0:54
PK Defense
1 - 71% - 60% - 4:02
2 - 29% - 40% - 1:38
PK3 Forward
1 - 0% - 60%
2 - 0% - 40%
PK3 Defense
1 - 0% - 60%
2 - 0% - 40%
44 Forward
1 - 70% - 60% - 1:09
2 - 30% - 40% - 0:30
44 Defense
1 - 47% - 60% - 0:47
2 - 53% - 40% - 0:52
Last Minute Offensive  - 0:00
Last Minute Defensive  - 0:00
Total
Forward - 60:00
Defense - 60:00

% Time on Ice - Jets

Lines # - Real PCT - Wanted PCT - Time Play
Normal Forward
1 - 38% - 38% - 18:12
2 - 29% - 30% - 14:12
3 - 20% - 22% - 9:50
4 - 13% - 10% - 6:09
Normal Defense
1 - 37% - 35% - 17:48
2 - 35% - 35% - 16:55
3 - 28% - 30% - 13:40
4 - 0% - 0% - 0:00
PP Forward
1 - 60% - 60% - 3:24
2 - 40% - 40% - 2:16
PP Defense
1 - 59% - 60% - 3:22
2 - 41% - 40% - 2:18
PK Forward
1 - 72% - 60% - 3:07
2 - 28% - 40% - 1:11
PK Defense
1 - 55% - 60% - 2:21
2 - 45% - 40% - 1:57
PK3 Forward
1 - 0% - 60%
2 - 0% - 40%
PK3 Defense
1 - 0% - 60%
2 - 0% - 40%
44 Forward
1 - 76% - 60% - 1:15
2 - 24% - 40% - 0:24
44 Defense
1 - 65% - 60% - 1:04
2 - 35% - 40% - 0:35
Last Minute Offensive  - 0:00
Last Minute Defensive  - 0:00
Total
Forward - 60:00
Defense - 60:00

Play by Play

1st period


0:01 of 1st period - Tyler Seguin wins face-off versus Derek Roy in neutral zone.
0:12 of 1st period - Snap shot by Paul Martin.
0:12 of 1st period - Stopped by Jacob Markstrom with a rebound.
0:14 of 1st period - Slapshot by Ondrej Palat.
0:14 of 1st period - Stopped by Jacob Markstrom with a rebound.
0:16 of 1st period - Wrist shot by Paul Martin.
0:16 of 1st period - Deflect By Jarome Iginla.
0:16 of 1st period - Shot Blocked by Anton Volchenkov.
0:16 of 1st period - Puck is out of play.
0:17 of 1st period - Mikko Koivu wins face-off versus Daniel Briere in Jets zone.
0:26 of 1st period - Snap shot by Dustin Brown.
0:26 of 1st period - Shot Blocked by Zdeno Chara.
0:28 of 1st period - Snap shot by Michael Rupp.
0:28 of 1st period - Shot Blocked by Scottie Upshall.
0:30 of 1st period - Slapshot by Michal Rozsival.
0:30 of 1st period - Stopped by Ilya Bryzgalov without a rebound.
0:31 of 1st period - Erik Cole wins face-off versus Derek Stepan in Capitals zone.
0:31 of 1st period - Erik Cole is hit by Jussi Jokinen.
1:18 of 1st period - Off-side.
1:19 of 1st period - Derek Roy wins face-off versus Tyler Seguin in neutral zone.
2:11 of 1st period - Icing by Marco Scandella.
2:12 of 1st period - Derek Stepan wins face-off versus Saku Koivu in Jets zone.
2:17 of 1st period - Snap shot by Michal Rozsival.
2:17 of 1st period - Deflect By Eric Fehr.
2:17 of 1st period - Shot Misses the Net.
2:17 of 1st period - Puck is out of play.
2:18 of 1st period - Tyler Seguin wins face-off versus Derek Roy in Capitals zone.
2:45 of 1st period - Mark Giordano is hit by Mikko Koivu and loses puck.
3:04 of 1st period - Wrist shot by Jussi Jokinen.
3:04 of 1st period - Stopped by Ilya Bryzgalov without a rebound.
3:05 of 1st period - Saku Koivu wins face-off versus Derek Stepan in Capitals zone.
3:05 of 1st period - Saku Koivu is hit by Derek Stepan.
3:15 of 1st period - Wrist shot by Saku Koivu.
3:15 of 1st period - Shot Misses the Net.
4:01 of 1st period - Snap shot by Mikko Koivu.
4:01 of 1st period - Shot Misses the Net.
4:17 of 1st period - Wrist shot by James Neal.
4:17 of 1st period - Shot Misses the Net.
4:25 of 1st period - Zdeno Chara is hit by Michal Rozsival and loses puck.
5:00 of 1st period - Backhand shot by Joffrey Lupul.
5:00 of 1st period - Stopped by Jacob Markstrom without a rebound.
5:01 of 1st period - Derek Roy wins face-off versus Saku Koivu in Jets zone.
5:08 of 1st period - Wrist shot by Benoit Pouliot.
5:08 of 1st period - Shot Blocked by Marek Zidlicky.
5:10 of 1st period - Snap shot by Dmitri Kalinin.
5:10 of 1st period - Shot Misses the Net.
5:12 of 1st period - Snap shot by Blake Wheeler.
5:12 of 1st period - Shot Misses the Net.
5:14 of 1st period - Snap shot by Eric Gelinas.
5:14 of 1st period - Deflect By Derek Roy.
5:14 of 1st period - Shot Misses the Net.
5:14 of 1st period - Puck is out of play.
5:15 of 1st period - Mikko Koivu wins face-off versus Ondrej Palat in Capitals zone.
5:20 of 1st period - Snap shot by Michael Rupp.
5:20 of 1st period - Shot Misses the Net.
5:40 of 1st period - Daniel Briere is hit by Blake Wheeler and loses puck.
6:03 of 1st period - James Neal is hit by James Wright and loses puck.
6:31 of 1st period - Wrist shot by Dustin Brown.
6:31 of 1st period - Shot Misses the Net.
6:33 of 1st period - Slapshot by Anton Volchenkov.
6:33 of 1st period - Stopped by Ilya Bryzgalov with a rebound.
6:35 of 1st period - Snap shot by Michael Rupp.
6:35 of 1st period - Stopped by Ilya Bryzgalov without a rebound.
6:36 of 1st period - Tyler Seguin wins face-off versus Blake Wheeler in Capitals zone.
7:43 of 1st period - Jarome Iginla is hit by Marco Scandella and loses puck.
8:12 of 1st period - Mark Giordano is hit by Dustin Brown.
8:51 of 1st period - Slapshot by Mikko Koivu.
8:51 of 1st period - Shot Misses the Net.
8:53 of 1st period - Snap shot by Dustin Brown.
8:53 of 1st period - Stopped by Ilya Bryzgalov without a rebound.
8:54 of 1st period - Sean Couturier wins face-off versus Derek Roy in Capitals zone.
9:31 of 1st period - Slapshot by Daniel Briere.
9:31 of 1st period - Stopped by Jacob Markstrom without a rebound.
9:32 of 1st period - Sean Couturier wins face-off versus Derek Roy in Jets zone.
9:33 of 1st period - Wrist shot by Erik Cole.
9:33 of 1st period - Shot Misses the Net.
9:35 of 1st period - Minor Penalty to Eric Gelinas for Hooking.
9:36 of 1st period - Sean Couturier wins face-off versus Derek Roy in Jets zone.
9:39 of 1st period - Slapshot by Paul Martin.
9:39 of 1st period - Stopped by Jacob Markstrom without a rebound.
9:40 of 1st period - Derek Roy wins face-off versus Sean Couturier in Jets zone.
11:35 of 1st period - Penalty to Eric Gelinas is over, Eric Gelinas is back on ice.
11:49 of 1st period - Derek Roy is hit by Saku Koivu and loses puck.
11:56 of 1st period - Marek Zidlicky is hit by Michal Rozsival and loses puck.
12:03 of 1st period - Derek Roy is hit by Jamie Langenbrunner and loses puck.
12:14 of 1st period - Erik Cole is hit by Jussi Jokinen and loses puck.
12:34 of 1st period - Slapshot by Mikko Koivu.
12:34 of 1st period - Shot Misses the Net.
12:36 of 1st period - Snap shot by Michal Rozsival.
12:36 of 1st period - Shot Misses the Net.
12:38 of 1st period - Snap shot by Dustin Brown.
12:38 of 1st period - Stopped by Ilya Bryzgalov without a rebound.
12:39 of 1st period - Mikko Koivu wins face-off versus Saku Koivu in Capitals zone.
12:46 of 1st period - Wrist shot by Dustin Brown.
12:46 of 1st period - Shot Blocked by Jay Harrison.
13:05 of 1st period - Zdeno Chara is hit by Tyler Myers and loses puck.
13:28 of 1st period - Slapshot by Dmitri Kalinin.
13:28 of 1st period - Deflect By Mark Giordano.
13:28 of 1st period - Stopped by Ilya Bryzgalov with a rebound.
13:35 of 1st period - Off-side.
13:36 of 1st period - Derek Roy wins face-off versus Ryan Callahan in neutral zone.
13:39 of 1st period - Wrist shot by Benoit Pouliot.
13:39 of 1st period - Deflect By Blake Wheeler.
13:39 of 1st period - Stopped by Ilya Bryzgalov with a rebound.
13:41 of 1st period - Snap shot by Blake Wheeler.
13:41 of 1st period - Stopped by Ilya Bryzgalov with a rebound.
13:43 of 1st period - Snap shot by Benoit Pouliot.
13:43 of 1st period - Stopped by Ilya Bryzgalov with a rebound.
13:45 of 1st period - Snap shot by Blake Wheeler.
13:45 of 1st period - Shot Misses the Net.
13:53 of 1st period - Sean Couturier is hit by Blake Wheeler and loses puck.
14:04 of 1st period - Snap shot by Mikko Koivu.
14:04 of 1st period - Stopped by Ilya Bryzgalov without a rebound.
14:05 of 1st period - Mikko Koivu wins face-off versus Tyler Seguin in Capitals zone.
14:06 of 1st period - Wrist shot by Dustin Brown.
14:06 of 1st period - Stopped by Ilya Bryzgalov without a rebound.
14:07 of 1st period - Mikko Koivu wins face-off versus Tyler Seguin in Capitals zone.
14:20 of 1st period - Slapshot by Jarome Iginla.
14:20 of 1st period - Stopped by Jacob Markstrom without a rebound.
14:21 of 1st period - Daniel Briere wins face-off versus Derek Roy in Jets zone.
14:24 of 1st period - Snap shot by Daniel Briere.
14:24 of 1st period - Shot Misses the Net.
14:26 of 1st period - Snap shot by Scottie Upshall.
14:26 of 1st period - Stopped by Jacob Markstrom without a rebound.
14:27 of 1st period - Derek Roy wins face-off versus James Neal in Jets zone.
14:36 of 1st period - Wrist shot by Benoit Pouliot.
14:36 of 1st period - Deflect By Paul Martin.
14:36 of 1st period - Shot Hit the Post.
14:36 of 1st period - Puck is out of play.
14:37 of 1st period - Tyler Seguin wins face-off versus Derek Roy in Capitals zone.
14:44 of 1st period - Slapshot by Paul Martin.
14:44 of 1st period - Deflect By Benoit Pouliot.
14:44 of 1st period - Stopped by Jacob Markstrom with a rebound.
14:46 of 1st period - Snap shot by Marek Zidlicky.
14:46 of 1st period - Deflect By Benoit Pouliot.
14:46 of 1st period - Goal by Marek Zidlicky - Capitals : 1 - Jets : 0.
14:47 of 1st period - Tyler Seguin wins face-off versus Derek Roy in neutral zone.
14:47 of 1st period - Tyler Seguin is hit by Blake Wheeler.
14:51 of 1st period - Slapshot by Paul Martin.
14:51 of 1st period - Deflect By Tyler Seguin.
14:51 of 1st period - Shot Misses the Net.
14:51 of 1st period - Puck is out of play.
14:52 of 1st period - Derek Roy wins face-off versus Tyler Seguin in Jets zone.
14:54 of 1st period - Minor Penalty to Michal Rozsival for Hooking.
14:55 of 1st period - Derek Roy wins face-off versus Tyler Seguin in Jets zone.
15:11 of 1st period - Slapshot by Paul Martin.
15:11 of 1st period - Shot Blocked by Dmitri Kalinin.
15:21 of 1st period - Paul Martin is hit by Dustin Brown and loses puck.
15:32 of 1st period - Derek Roy is hit by Scottie Upshall and loses puck.
16:54 of 1st period - Penalty to Michal Rozsival is over, Michal Rozsival is back on ice.
16:59 of 1st period - Anton Volchenkov is hit by Ryan Callahan and loses puck.
18:07 of 1st period - Jamie Langenbrunner is hit by Michael Rupp and loses puck.
18:20 of 1st period - Dmitri Kalinin is hit by Scottie Upshall and loses puck.
18:31 of 1st period - Tyler Seguin is hit by Lee Stempniak and loses puck.
18:48 of 1st period - Mark Giordano is hit by Tyler Myers and loses puck.
19:01 of 1st period - Scottie Upshall is hit by Benoit Pouliot and loses puck.
Goals for this period are 1 for Capitals vs 0 for Jets.
Shots for this period are 9 for Capitals vs 12 for Jets.

2nd period


0:01 of 2nd period - Tyler Seguin wins face-off versus Benoit Pouliot in neutral zone.
0:06 of 2nd period - Wrist shot by Jarome Iginla.
0:06 of 2nd period - Shot Blocked by Blake Wheeler.
0:08 of 2nd period - Slapshot by Paul Martin.
0:08 of 2nd period - Stopped by Jacob Markstrom with a rebound.
0:10 of 2nd period - Snap shot by Jarome Iginla.
0:10 of 2nd period - Shot Misses the Net.
0:12 of 2nd period - Wrist shot by Jarome Iginla.
0:12 of 2nd period - Goal by Jarome Iginla - Capitals : 2 - Jets : 0.
0:13 of 2nd period - Derek Roy wins face-off versus Tyler Seguin in neutral zone.
0:30 of 2nd period - Snap shot by Derek Roy.
0:30 of 2nd period - Shot Misses the Net.
1:22 of 2nd period - Michal Rozsival is hit by Jamie Langenbrunner.
1:48 of 2nd period - Snap shot by Dustin Brown.
1:48 of 2nd period - Shot Misses the Net.
2:31 of 2nd period - Wrist shot by Michal Rozsival.
2:31 of 2nd period - Shot Blocked by Ryan Callahan.
2:57 of 2nd period - Wrist shot by Saku Koivu.
2:57 of 2nd period - Deflect By Dmitri Kalinin.
2:57 of 2nd period - Stopped by Jacob Markstrom without a rebound.
2:58 of 2nd period - Saku Koivu wins face-off versus Derek Roy in Jets zone.
2:59 of 2nd period - Wrist shot by Jamie Langenbrunner.
2:59 of 2nd period - Stopped by Jacob Markstrom without a rebound.
3:00 of 2nd period - Derek Roy wins face-off versus Saku Koivu in Jets zone.
3:26 of 2nd period - Off-side.
3:27 of 2nd period - Tyler Seguin wins face-off versus Mikko Koivu in neutral zone.
4:14 of 2nd period - Slapshot by Saku Koivu.
4:14 of 2nd period - Shot Misses the Net.
5:35 of 2nd period - Backhand shot by Marco Scandella.
5:35 of 2nd period - Shot Misses the Net.
6:52 of 2nd period - Snap shot by Benoit Pouliot.
6:52 of 2nd period - Stopped by Ilya Bryzgalov with a rebound.
6:54 of 2nd period - Slapshot by Marco Scandella.
6:54 of 2nd period - Stopped by Ilya Bryzgalov without a rebound.
6:55 of 2nd period - Daniel Briere wins face-off versus Mikko Koivu in Capitals zone.
7:06 of 2nd period - Wrist shot by James Neal.
7:06 of 2nd period - Stopped by Jacob Markstrom with a rebound.
7:08 of 2nd period - Snap shot by Daniel Briere.
7:08 of 2nd period - Deflect By James Neal.
7:08 of 2nd period - Shot Blocked by Dustin Brown.
7:08 of 2nd period - Puck is out of play.
7:09 of 2nd period - Daniel Briere wins face-off versus Mikko Koivu in Jets zone.
7:41 of 2nd period - Wrist shot by Erik Cole.
7:41 of 2nd period - Shot Blocked by Anton Volchenkov.
8:36 of 2nd period - Eric Gelinas is hit by Sean Couturier.
8:43 of 2nd period - Icing by Eric Gelinas.
8:44 of 2nd period - Saku Koivu wins face-off versus Derek Stepan in Jets zone.
8:45 of 2nd period - Slapshot by Paul Martin.
8:45 of 2nd period - Deflect By Dmitri Kalinin.
8:45 of 2nd period - Stopped by Jacob Markstrom without a rebound.
8:46 of 2nd period - Daniel Briere wins face-off versus Mikko Koivu in Jets zone.
8:49 of 2nd period - Snap shot by Scottie Upshall.
8:49 of 2nd period - Deflect By Daniel Briere.
8:49 of 2nd period - Stopped by Jacob Markstrom with a rebound.
8:51 of 2nd period - Slapshot by Scottie Upshall.
8:51 of 2nd period - Stopped by Jacob Markstrom without a rebound.
8:52 of 2nd period - Daniel Briere wins face-off versus Mikko Koivu in Jets zone.
8:55 of 2nd period - Snap shot by Daniel Briere.
8:55 of 2nd period - Shot Misses the Net.
8:57 of 2nd period - Wrist shot by Scottie Upshall.
8:57 of 2nd period - Shot Misses the Net.
9:01 of 2nd period - Snap shot by Daniel Briere.
9:01 of 2nd period - Shot Misses the Net.
9:03 of 2nd period - Snap shot by James Neal.
9:03 of 2nd period - Stopped by Jacob Markstrom without a rebound.
9:04 of 2nd period - Mikko Koivu wins face-off versus Daniel Briere in Jets zone.
9:29 of 2nd period - Sean Couturier is hit by Anton Volchenkov and loses puck.
9:52 of 2nd period - Slapshot by Paul Martin.
9:52 of 2nd period - Shot Blocked by Eric Gelinas.
9:54 of 2nd period - Slapshot by Marek Zidlicky.
9:54 of 2nd period - Stopped by Jacob Markstrom without a rebound.
9:55 of 2nd period - James Wright wins face-off versus Tyler Seguin in Jets zone.
10:45 of 2nd period - Backhand shot by Benoit Pouliot.
10:45 of 2nd period - Shot Blocked by Mark Giordano.
10:49 of 2nd period - Snap shot by Derek Roy.
10:49 of 2nd period - Stopped by Ilya Bryzgalov with a rebound.
11:07 of 2nd period - Wrist shot by Jussi Jokinen.
11:07 of 2nd period - Shot Misses the Net.
11:09 of 2nd period - Snap shot by Jussi Jokinen.
11:09 of 2nd period - Shot Misses the Net.
11:11 of 2nd period - Slapshot by Jussi Jokinen.
11:11 of 2nd period - Stopped by Ilya Bryzgalov without a rebound.
11:12 of 2nd period - Tyler Seguin wins face-off versus Derek Stepan in Capitals zone.
11:31 of 2nd period - Ondrej Palat is hit by Michal Rozsival and loses puck.
11:52 of 2nd period - Slapshot by Paul Martin.
11:52 of 2nd period - Stopped by Jacob Markstrom without a rebound.
11:53 of 2nd period - Mikko Koivu wins face-off versus Sean Couturier in Jets zone.
12:31 of 2nd period - Saku Koivu is hit by Blake Wheeler and loses puck.
12:32 of 2nd period - Saku Koivu from Capitals is injured at 12:32 of 2nd period (Bruised Left Shoulder).
12:33 of 2nd period - Tyler Seguin wins face-off versus Mikko Koivu in Capitals zone.
12:58 of 2nd period - Daniel Briere is hit by Derek Roy and loses puck.
13:26 of 2nd period - Snap shot by Jussi Jokinen.
13:26 of 2nd period - Stopped by Ilya Bryzgalov with a rebound.
13:48 of 2nd period - Wrist shot by James Wright.
13:48 of 2nd period - Shot Blocked by Tyler Seguin.
14:21 of 2nd period - Off-side.
14:22 of 2nd period - Daniel Briere wins face-off versus Benoit Pouliot in neutral zone.
14:35 of 2nd period - Snap shot by Daniel Briere.
14:35 of 2nd period - Shot Blocked by Tyler Myers.
14:37 of 2nd period - Snap shot by Scottie Upshall.
14:37 of 2nd period - Stopped by Jacob Markstrom without a rebound.
14:38 of 2nd period - Mikko Koivu wins face-off versus Tyler Seguin in Jets zone.
15:18 of 2nd period - Wrist shot by Scottie Upshall.
15:18 of 2nd period - Stopped by Jacob Markstrom with a rebound.
15:30 of 2nd period - Ryan Callahan is hit by Anton Volchenkov and loses puck.
15:35 of 2nd period - Snap shot by Benoit Pouliot.
15:35 of 2nd period - Stopped by Ilya Bryzgalov with a rebound.
15:37 of 2nd period - Slapshot by Tyler Myers.
15:37 of 2nd period - Stopped by Ilya Bryzgalov without a rebound.
15:38 of 2nd period - Tyler Seguin wins face-off versus Mikko Koivu in Capitals zone.
15:49 of 2nd period - Wrist shot by Jarome Iginla.
15:49 of 2nd period - Shot Misses the Net.
15:51 of 2nd period - Snap shot by Tyler Seguin.
15:51 of 2nd period - Shot Blocked by Michal Rozsival.
15:53 of 2nd period - Snap shot by Jarome Iginla.
15:53 of 2nd period - Stopped by Jacob Markstrom with a rebound.
16:03 of 2nd period - Michal Rozsival is hit by Kris Russell and loses puck.
16:21 of 2nd period - Snap shot by Michael Rupp.
16:21 of 2nd period - Shot Blocked by Kris Russell.
16:35 of 2nd period - Wrist shot by Benoit Pouliot.
16:35 of 2nd period - Stopped by Ilya Bryzgalov with a rebound.
16:37 of 2nd period - Slapshot by Dmitri Kalinin.
16:37 of 2nd period - Deflect By Benoit Pouliot.
16:37 of 2nd period - Shot Blocked by Paul Martin.
16:37 of 2nd period - Puck is out of play.
16:38 of 2nd period - Derek Roy wins face-off versus Ondrej Palat in Capitals zone.
17:29 of 2nd period - Slapshot by Marek Zidlicky.
17:29 of 2nd period - Shot Blocked by Tyler Myers.
17:31 of 2nd period - Snap shot by Marek Zidlicky.
17:31 of 2nd period - Stopped by Jacob Markstrom without a rebound.
17:32 of 2nd period - Derek Roy wins face-off versus Tyler Seguin in Jets zone.
17:59 of 2nd period - Mark Giordano is hit by Michael Rupp and loses puck.
18:06 of 2nd period - Wrist shot by Dustin Brown.
18:06 of 2nd period - Shot Blocked by Zdeno Chara.
19:03 of 2nd period - Slapshot by Blake Wheeler.
19:03 of 2nd period - Stopped by Ilya Bryzgalov without a rebound.
19:04 of 2nd period - Daniel Briere wins face-off versus Derek Roy in Capitals zone.
19:32 of 2nd period - Slapshot by Paul Martin.
19:32 of 2nd period - Deflect By Dustin Brown.
19:32 of 2nd period - Stopped by Jacob Markstrom without a rebound.
19:33 of 2nd period - Mikko Koivu wins face-off versus Jarome Iginla in Jets zone.
Goals for this period are 1 for Capitals vs 0 for Jets.
Shots for this period are 16 for Capitals vs 9 for Jets.

3rd period


0:01 of 3rd period - Derek Roy wins face-off versus Tyler Seguin in neutral zone.
0:06 of 3rd period - Wrist shot by Benoit Pouliot.
0:06 of 3rd period - Stopped by Ilya Bryzgalov without a rebound.
0:07 of 3rd period - Tyler Seguin wins face-off versus Benoit Pouliot in Capitals zone.
0:22 of 3rd period - Snap shot by Derek Roy.
0:22 of 3rd period - Shot Misses the Net.
1:00 of 3rd period - Snap shot by Benoit Pouliot.
1:00 of 3rd period - Shot Misses the Net.
1:02 of 3rd period - Slapshot by Marco Scandella.
1:02 of 3rd period - Stopped by Ilya Bryzgalov without a rebound.
1:03 of 3rd period - Daniel Briere wins face-off versus Mikko Koivu in Capitals zone.
1:09 of 3rd period - Anton Volchenkov is hit by James Neal and loses puck.
1:21 of 3rd period - Minor Penalty to Zdeno Chara for Tripping.
1:22 of 3rd period - Daniel Briere wins face-off versus Derek Roy in Capitals zone.
1:22 of 3rd period - Daniel Briere is hit by Benoit Pouliot.
1:29 of 3rd period - Icing by Dustin Brown.
1:30 of 3rd period - Daniel Briere wins face-off versus Derek Roy in Jets zone.
1:39 of 3rd period - Wrist shot by Daniel Briere.
1:39 of 3rd period - Shot Misses the Net.
1:41 of 3rd period - Minor Penalty to Anton Volchenkov for Roughing.
1:42 of 3rd period - Daniel Briere wins face-off versus Derek Roy in Jets zone.
2:31 of 3rd period - Slapshot by James Neal.
2:31 of 3rd period - Stopped by Jacob Markstrom without a rebound.
2:32 of 3rd period - James Neal wins face-off versus Derek Roy in Jets zone.
2:39 of 3rd period - Snap shot by James Neal.
2:39 of 3rd period - Shot Misses the Net.
3:21 of 3rd period - Penalty to Zdeno Chara is over, Zdeno Chara is back on ice.
3:21 of 3rd period - Benoit Pouliot is hit by Zdeno Chara and loses puck.
3:41 of 3rd period - Penalty to Anton Volchenkov is over, Anton Volchenkov is back on ice.
4:37 of 3rd period - Snap shot by Jarome Iginla.
4:37 of 3rd period - Shot Blocked by Tyler Myers.
4:41 of 3rd period - Wrist shot by Jarome Iginla.
4:41 of 3rd period - Stopped by Jacob Markstrom without a rebound.
4:42 of 3rd period - Daniel Briere wins face-off versus Derek Stepan in Jets zone.
5:12 of 3rd period - Slapshot by Michal Rozsival.
5:12 of 3rd period - Deflect By Jay Harrison.
5:12 of 3rd period - Goal by Michal Rozsival - Capitals : 2 - Jets : 1.
5:13 of 3rd period - Daniel Briere wins face-off versus Derek Stepan in neutral zone.
5:39 of 3rd period - Marek Zidlicky is hit by Dustin Brown and loses puck.
5:50 of 3rd period - Wrist shot by Dustin Brown.
5:50 of 3rd period - Stopped by Ilya Bryzgalov without a rebound.
5:51 of 3rd period - Derek Roy wins face-off versus Scottie Upshall in Capitals zone.
5:56 of 3rd period - Slapshot by Derek Roy.
5:56 of 3rd period - Stopped by Ilya Bryzgalov without a rebound.
5:57 of 3rd period - Derek Roy wins face-off versus Daniel Briere in Capitals zone.
6:00 of 3rd period - Snap shot by Blake Wheeler.
6:00 of 3rd period - Goal by Blake Wheeler - Capitals : 2 - Jets : 2.
6:01 of 3rd period - Tyler Seguin wins face-off versus Mikko Koivu in neutral zone.
6:12 of 3rd period - Wrist shot by Michael Rupp.
6:12 of 3rd period - Stopped by Ilya Bryzgalov without a rebound.
6:13 of 3rd period - Tyler Seguin wins face-off versus Mikko Koivu in Capitals zone.
6:13 of 3rd period - Tyler Seguin is hit by Michael Rupp.
6:39 of 3rd period - Paul Martin is hit by Tyler Myers and loses puck.
7:24 of 3rd period - Wrist shot by Fredrik Sjostrom.
7:24 of 3rd period - Shot Blocked by Jamie Langenbrunner.
7:28 of 3rd period - Slapshot by Lee Stempniak.
7:28 of 3rd period - Stopped by Ilya Bryzgalov without a rebound.
7:29 of 3rd period - Daniel Briere wins face-off versus Mikko Koivu in Capitals zone.
8:31 of 3rd period - Dmitri Kalinin is hit by Ryan Callahan.
8:41 of 3rd period - Eric Gelinas is hit by James Neal and loses puck.
8:48 of 3rd period - Wrist shot by James Neal.
8:48 of 3rd period - Stopped by Jacob Markstrom without a rebound.
8:49 of 3rd period - Tyler Seguin wins face-off versus Mikko Koivu in Jets zone.
8:58 of 3rd period - Wrist shot by Jarome Iginla.
8:58 of 3rd period - Shot Misses the Net.
9:00 of 3rd period - Wrist shot by Jarome Iginla.
9:00 of 3rd period - Shot Misses the Net.
9:02 of 3rd period - Snap shot by Tyler Seguin.
9:02 of 3rd period - Stopped by Jacob Markstrom with a rebound.
9:04 of 3rd period - Snap shot by Jarome Iginla.
9:04 of 3rd period - Deflect By Anton Volchenkov.
9:04 of 3rd period - Stopped by Jacob Markstrom without a rebound.
9:05 of 3rd period - Derek Roy wins face-off versus Daniel Briere in Jets zone.
9:14 of 3rd period - Wrist shot by Derek Roy.
9:14 of 3rd period - Shot Blocked by Paul Martin.
9:16 of 3rd period - Slapshot by Anton Volchenkov.
9:16 of 3rd period - Shot Misses the Net.
9:59 of 3rd period - Anton Volchenkov is hit by James Neal and loses puck.
10:06 of 3rd period - Wrist shot by Anton Volchenkov.
10:06 of 3rd period - Stopped by Ilya Bryzgalov with a rebound.
10:08 of 3rd period - Slapshot by Tyler Myers.
10:08 of 3rd period - Shot Misses the Net.
10:10 of 3rd period - Slapshot by Derek Roy.
10:10 of 3rd period - Shot Misses the Net.
10:14 of 3rd period - Snap shot by Blake Wheeler.
10:14 of 3rd period - Shot Misses the Net.
10:16 of 3rd period - Snap shot by Benoit Pouliot.
10:16 of 3rd period - Goal by Benoit Pouliot - Capitals : 2 - Jets : 3.
10:17 of 3rd period - Tyler Seguin wins face-off versus Mikko Koivu in neutral zone.
10:19 of 3rd period - Minor Penalty to Jarome Iginla for Hooking.
10:20 of 3rd period - Derek Roy wins face-off versus Daniel Briere in Capitals zone.
10:28 of 3rd period - Wrist shot by Dustin Brown.
10:28 of 3rd period - Shot Misses the Net.
10:59 of 3rd period - Icing by Derek Stepan.
11:00 of 3rd period - Daniel Briere wins face-off versus Jussi Jokinen in Jets zone.
11:19 of 3rd period - Slapshot by Mark Giordano.
11:19 of 3rd period - Stopped by Jacob Markstrom without a rebound.
11:20 of 3rd period - Derek Roy wins face-off versus Tyler Seguin in Jets zone.
11:41 of 3rd period - Slapshot by Derek Stepan.
11:41 of 3rd period - Goal by Derek Stepan - Capitals : 2 - Jets : 4.
11:42 of 3rd period - Dustin Brown wins face-off versus Tyler Seguin in neutral zone.
11:45 of 3rd period - Snap shot by Mikko Koivu.
11:45 of 3rd period - Stopped by Ilya Bryzgalov with a rebound.
11:47 of 3rd period - Wrist shot by Michael Rupp.
11:47 of 3rd period - Stopped by Ilya Bryzgalov with a rebound.
11:49 of 3rd period - Wrist shot by Dustin Brown.
11:49 of 3rd period - Stopped by Ilya Bryzgalov with a rebound.
11:51 of 3rd period - Wrist shot by Mikko Koivu.
11:51 of 3rd period - Stopped by Ilya Bryzgalov with a rebound.
11:53 of 3rd period - Snap shot by Mikko Koivu.
11:53 of 3rd period - Shot Misses the Net.
12:08 of 3rd period - Icing by Michael Rupp.
12:09 of 3rd period - Derek Roy wins face-off versus Erik Cole in Jets zone.
12:22 of 3rd period - Snap shot by Benoit Pouliot.
12:22 of 3rd period - Deflect By Blake Wheeler.
12:22 of 3rd period - Stopped by Ilya Bryzgalov without a rebound.
12:23 of 3rd period - Tyler Seguin wins face-off versus Mikko Koivu in Capitals zone.
12:44 of 3rd period - Minor Penalty to Ondrej Palat for Roughing.
12:45 of 3rd period - Derek Roy wins face-off versus Daniel Briere in Capitals zone.
13:01 of 3rd period - Icing by Anton Volchenkov.
13:02 of 3rd period - Daniel Briere wins face-off versus Derek Roy in Jets zone.
13:13 of 3rd period - Snap shot by Derek Roy.
13:13 of 3rd period - Stopped by Ilya Bryzgalov without a rebound.
13:14 of 3rd period - Daniel Briere wins face-off versus Derek Roy in Capitals zone.
13:39 of 3rd period - Dmitri Kalinin is hit by Jarome Iginla and loses puck.
14:44 of 3rd period - Penalty to Ondrej Palat is over, Ondrej Palat is back on ice.
14:46 of 3rd period - Slapshot by Ondrej Palat.
14:46 of 3rd period - Shot Misses the Net.
15:58 of 3rd period - Icing by Dustin Brown.
15:59 of 3rd period - Mikko Koivu wins face-off versus Daniel Briere in Jets zone.
16:26 of 3rd period - Snap shot by Fredrik Sjostrom.
16:26 of 3rd period - Stopped by Ilya Bryzgalov without a rebound.
16:27 of 3rd period - Derek Stepan wins face-off versus Tyler Seguin in Capitals zone.
16:34 of 3rd period - Slapshot by Eric Fehr.
16:34 of 3rd period - Stopped by Ilya Bryzgalov without a rebound.
16:35 of 3rd period - Tyler Seguin wins face-off versus Jussi Jokinen in Capitals zone.
16:42 of 3rd period - Dmitri Kalinin is hit by Zdeno Chara and loses puck.
16:47 of 3rd period - Snap shot by Ondrej Palat.
16:47 of 3rd period - Stopped by Jacob Markstrom without a rebound.
16:48 of 3rd period - Derek Stepan wins face-off versus Sean Couturier in Jets zone.
17:01 of 3rd period - Snap shot by Eric Fehr.
17:01 of 3rd period - Shot Blocked by Erik Cole.
17:13 of 3rd period - Marek Zidlicky is hit by Blake Wheeler and loses puck.
17:41 of 3rd period - Minor Penalty to Mark Giordano for Holding Stick.
17:42 of 3rd period - Derek Roy wins face-off versus Daniel Briere in Capitals zone.
19:18 of 3rd period - Marek Zidlicky is hit by Michal Rozsival and loses puck.
19:41 of 3rd period - Penalty to Mark Giordano is over, Mark Giordano is back on ice.
19:41 of 3rd period - Snap shot by Tyler Seguin.
19:41 of 3rd period - Shot Misses the Net.
19:55 of 3rd period - Ondrej Palat is hit by Anton Volchenkov and loses puck.
Goals for this period are 0 for Capitals vs 4 for Jets.
Shots for this period are 7 for Capitals vs 19 for Jets.